Cogmind - Beta 12 @@@ ROGUE MODE // 2023.03.28 @ 14:27:13 Player: Azimuth Result: Destroyed by as-62277 with Assembled Heavy Rifle Performance ------------- Evolutions (0) 0 Regions Visited (2) 400 Robots Destroyed (15) 75 Value Destroyed (393) 393 Prototype IDs (2) 40 Alien Tech Used (0) 0 Bonus (0) 0 TOTAL SCORE: 908 Bonus ------- None Cogmind --------- Core Integrity 0/250 Matter 92/300 Energy 250/250 System Corruption 0% Temperature Cool (0) Movement Walking (190) Ox1 Location -10/Mines Parts ------- > --- POWER (1) -------- Ion Engine > --- PROPULSION (2) --- Aluminum Leg > --- UTILITY (2) ------ Medium Storage Unit Sensor Array > --- WEAPON (2) ------- Mini Grenade Launcher Mini Grenade Launcher > --- INVENTORY (10) --- Ion Engine Aluminum Leg Aluminum Leg Aluminum Leg Aluminum Leg Small Battery (100) Visual Processing Unit Signal Interpreter Medium Laser Light Assault Rifle Peak State ------------ > --- POWER ------------ Ion Engine > --- PROPULSION ------- Aluminum Leg Aluminum Leg > --- UTILITY ---------- Medium Storage Unit Hacking Suite > --- WEAPON ----------- Medium Laser Light Assault Rifle > --- INVENTORY -------- Ion Engine Aluminum Leg Aluminum Leg Aluminum Leg High-capacity Storage Unit Small Battery Visual Processing Unit Sensor Array Signal Interpreter Utility Shielding [Rating: 10] Favorites ----------- Power Ion Engine Engine Ion Engine Propulsion Aluminum Leg Leg Aluminum Leg Utility Medium Storage Unit Device Sensor Array Storage Medium Storage Unit Hackware Hacking Suite Protection Utility Shielding Weapon Light Assault Rifle Energy Gun Small Laser Ballistic Gun Light Assault Rifle Launcher Mini Grenade Launcher Build | -11 -10 -10 ------- Run | Jun Mat Min Slots Evolved . | . . . Power . | . . . Propulsion . | . . . Utility . | . . . Weapon . | . . . Parts Attached 33 | 6 27 . Power 4 | 1 3 . Engine 4 | 1 3 . Core . | . . . Reactor . | . . . Propulsion 5 | 2 3 . Treads . | . . . Leg 5 | 2 3 . Wheel . | . . . Hover . | . . . Flight . | . . . Utility 11 | . 11 . Device 4 | . 4 . Storage 5 | . 5 . Processor . | . . . Hackware 1 | . 1 . Protection 1 | . 1 . Artifact . | . . . Weapon 13 | 3 10 . Energy Gun 7 | 2 5 . Energy Cannon . | . . . Ballistic Gun 4 | 1 3 . Ballistic Cannon . | . . . Launcher 2 | . 2 . Special Weapon . | . . . Impact Weapon . | . . . Slashing Weapon . | . . . Piercing Weapon . | . . . Special Melee Weapon . | . . . Unidentified Prototypes . | . . . Parts Lost 4 | . 3 1 Power 1 | . 1 . Propulsion 2 | . 1 1 Utility 1 | . 1 . Weapon . | . . . Highest Loss Streak 2 | . 2 1 To Critical Strikes . | . . . Average Slot Usage (%) 92 | . 92 100 Engine 13 | . 13 14 Leg 27 | . 27 28 Device 8 | . 8 14 Storage 8 | . 8 14 Protection 3 | . 3 . Energy Gun 13 | . 13 . Ballistic Gun 13 | . 13 . Launcher 1 | . 1 28 Naked Turns . | . . . Heaviest Build 48 | 5 48 18 Greatest Support 20 | 20 20 20 Greatest Overweight (x) 2 | . 2 . Average Overweight (x) . | . . . Largest Inventory Capacity 20 | 5 20 10 Average Capacity 7 | 5 8 10 Most Carried 10 | 5 10 10 Average Carried 7 | 2 7 10 Final Capacity 10 | 5 10 10 Final Carried 10 | 5 10 10 Class Distribution -------------------- 85% | Mutant 14% | Scavenger-Mutant Dominant Class ---------------- Mutant | -10/Materials Mutant | -10/Mines Resources | -11 -10 -10 ----------- Run | Jun Mat Min Matter Collected 515 | 255 260 . Remotely . | . . . Salvage Created 476 | 45 404 27 Parts 31 | 2 29 . Haulers Intercepted . | . . . Recyclers Shooed . | . . . Parts Field Recycled . | . . . Retrieved Matter . | . . . Parts Self-Destructed . | . . . Prevented . | . . . Kills | -11 -10 -10 ------- Run | Jun Mat Min Combat Hostiles Destroyed 27 | 1 11 15 Guns 10 | 1 9 . AOE 17 | . 2 15 Classes Destroyed 6 | 1 4 1 Builder 1 | . 1 . Mechanic 1 | . 1 . Watcher 1 | . 1 . Swarmer 3 | . 3 . Grunt 9 | 1 8 . Assembled 15 | . . 15 Best Kill Streak 19 | 1 5 19 Combat Bots Only 17 | 1 5 17 Max Kills in Single Turn 7 | 1 2 7 Gunslinging . | . . . Exploded 7 | . 1 7 Melee . | . . . Uniques/NPCs Destroyed . | . . . Combat | -11 -10 -10 -------- Run | Jun Mat Min Damage Taken 848 | 33 509 306 Core 268 | . 164 104 Absorbed by Shields . | . . . Core Remaining (%) 100 | 100 . . Volleys Fired 51 | 5 41 5 Largest 2 | 2 2 2 Hottest 70 | 60 70 60 Shots Fired 100 | 10 80 10 Gun 84 | 10 74 . Cannon . | . . . Launcher 16 | . 6 10 Special . | . . . Kinetic 43 | 5 38 . Thermal 41 | 5 36 . Explosive 16 | . 6 10 Electromagnetic . | . . . Robot Hit Streak 11 | 8 11 . Robot Miss Streak 7 | 1 7 1 Penetration Max . | . . . Secondary Targets 4 | . 4 . Max Gunslinging Chain 1 | . 1 . Shots Hit Robots 45 | 9 36 . Core Hits 67 | 2 27 38 Critical Kills . | . . . Critical Parts Destroyed 1 | . 1 . Critical Strikes 1 | . 1 . Destroy 1 | . 1 . Melee Attacks . | . . . Impact . | . . . Slashing . | . . . Piercing . | . . . Sneak Attacks . | . . . Combat Hostiles . | . . . Follow-up Attacks . | . . . Damage Inflicted 1843 | 84 579 1180 Guns 432 | 84 348 . Cannons . | . . . Explosions 1411 | . 231 1180 Melee . | . . . Ramming . | . . . Kinetic 214 | 41 173 . Thermal 218 | 43 175 . Explosive 1411 | . 231 1180 Electromagnetic . | . . . Impact . | . . . Slashing . | . . . Piercing . | . . . Highest Corruption . | . . . Average Corruption . | . . . Corruption Purged . | . . . Corruption Blocked . | . . . Overload Shots . | . . . Overflow Damage 37 | . . 37 Projectiles . | . . . Explosions 37 | . . 37 Melee . | . . . Knockbacks . | . . . Impact . | . . . Kinetic . | . . . Secondary . | . . . Self-Inflicted Damage 74 | . 25 49 Shots 2 | . 1 1 Rammed . | . . . Targets Rammed . | . . . Kicked . | . . . Crushed . | . . . Highest Temperature 90 | 32 90 . Average Temperature 26 | 17 27 . Received Heat Transfer 300 | 18 282 . Siege Activations . | . . . Robots Corrupted . | . . . Combat Hostiles . | . . . Parts Fried . | . . . Impact Corruptions . | . . . Robots Melted . | . . . Combat Hostiles . | . . . Parts Melted 2 | 1 1 . Heat Transferred 512 | 100 412 . Parts Sabotaged . | . . . Parts Stolen . | . . . Parts Stripped . | . . . Power Chain Reactions . | . . . Missiles Intercepted . | . . . Alert | -11 -10 -10 ------- Run | Jun Mat Min Peak Influence 220 | 20 220 68 Initial 39 | . 13 39 Average 59 | 3 65 53 Maximum Alert Level 1 | . 1 . Low Security (%) 85 | 100 84 100 Level 1 14 | . 15 . Level 2 . | . . . Level 3 . | . . . Level 4 . | . . . Level 5 . | . . . High Security . | . . . Max Security . | . . . Squads Dispatched 4 | . 4 . Investigation 3 | . 3 . Extermination . | . . . Reinforcement 1 | . 1 . Assault . | . . . Garrison . | . . . Intercept . | . . . Searches Triggered . | . . . Construction Impeded . | . . . Haulers Reinforced . | . . . Active Scanning Responses . | . . . Cargo Convoy Interrupts . | . . . Stealth | -11 -10 -10 --------- Run | Jun Mat Min Distress Signals 2 | . 2 . Communications Jammed . | . . . Distress Signals . | . . . Times Spotted 38 | 1 20 17 Peak Tracking Total 15 | 1 5 15 Tactical Retreats 1 | . . 1 Traps | -11 -10 -10 ------- Run | Jun Mat Min Traps Triggered . | . . . Indirectly . | . . . Trap Hack Attempts . | . . . Triggered . | . . . Disarmed . | . . . Reprogrammed . | . . . Reused . | . . . Traps Extracted . | . . . Installed . | . . . Triggered . | . . . Machines | -11 -10 -10 ---------- Run | Jun Mat Min Machines Disabled 1 | . 1 . Max in Single Turn 1 | . 1 . Machines Repaired . | . . . Machines Sabotaged . | . . . Overloaded Fab Kills . | . . . Hacking | -11 -10 -10 --------- Run | Jun Mat Min Machines Accessed 7 | . 7 . Terminals 5 | . 5 . Fabricators . | . . . Repair Stations . | . . . Recycling Units 2 | . 2 . Scanalyzers . | . . . Garrison Access . | . . . Total Hacks 27 | . 27 . Successful 13 | . 13 . Failed 14 | . 14 . Catastrophic 2 | . 2 . Database Lockouts . | . . . Manual 2 | . 2 . Terminals 20 | . 20 . Fabricators . | . . . Repair Stations . | . . . Recycling Units 7 | . 7 . Scanalyzers . | . . . Garrison Access . | . . . Terminal Hacks 10 | . 10 . Record 2 | . 2 . Prototype ID Bank 1 | . 1 . Locate Traps 1 | . 1 . Dispatch Records 2 | . 2 . Maintenance Status 1 | . 1 . Patrol Status 1 | . 1 . Zone Layout 2 | . 2 . Fabricator Hacks . | . . . Repair Station Hacks . | . . . Recycling Unit Hacks 3 | . 3 . Process 1 | . 1 . Report Inventory 2 | . 2 . Scanalyzer . | . . . Garrison Access Hacks . | . . . Unauthorized Hacks . | . . . Terminals . | . . . Fabricators . | . . . Repair Stations . | . . . Recycling Units . | . . . Scanalyzers . | . . . Garrison Access . | . . . Data Cores Recovered . | . . . Used . | . . . Hacking Detections 6 | . 6 . Full Trace Events 3 | . 3 . Feedback Events . | . . . Feedback Blocked . | . . . Robot Schematics Acquired . | . . . Robots Built . | . . . Authchips . | . . . Time . | . . . Total Robot Build Rating . | . . . Part Schematics Acquired . | . . . Parts Built . | . . . Authchips . | . . . Time . | . . . Total Part Build Rating . | . . . Parts Repaired . | . . . Time . | . . . Parts Recycled . | . . . Recycled Matter 276 | . 276 . Retrieved Matter . | . . . Retrieved Components . | . . . Parts Scanalyzed . | . . . Part Schematics Acquired . | . . . Parts Damaged . | . . . Bothacking | -11 -10 -10 ------------ Run | Jun Mat Min Used RIF Installer . | . . . Robots Hacked . | . . . Non-combat . | . . . Combat . | . . . Robot Hacks Applied . | . . . Relay Couplers Released . | . . . Fabnet Peak Effective % . | . . . Robots Rewired . | . . . Allies Hacked . | . . . Hacks Repelled . | . . . Allies | -11 -10 -10 -------- Run | Jun Mat Min Total Allies . | . . . Largest Group . | . . . Highest-Rated Group . | . . . Highest-Rated Ally . | . . . Total Orders . | . . . Ally Attacks . | . . . Total Damage . | . . . Kills . | . . . Allies Corrupted . | . . . Allies Melted . | . . . Intel | -11 -10 -10 ------- Run | Jun Mat Min Robot Analysis Total . | . . . Derelict Logs Recovered . | . . . Drone Launches . | . . . Drone Recoveries . | . . . Exploration | -11 -10 -10 ------------- Run | Jun Mat Min Turns Passed 1167 | 115 1031 21 Spaces Moved 665 | 83 577 5 Core 15 | 15 . . Treads . | . . . Legs 650 | 68 577 5 Wheels . | . . . Hover . | . . . Flight . | . . . Fastest Speed 50 | 50 120 120 Average Speed 119 | 107 120 120 Slowest Speed 260 | 120 260 120 Overloaded Moves . | . . . Propulsion Burnouts . | . . . Robots Hopped . | . . . Cave-ins Triggered . | . . . Exploration Rate (%) 25 | 6 63 7 Regions Visited 2 Branch Regions 1 Pre-discovered Areas . | . . . Known Exits Taken . | . . . Unknown Exits Taken 2 | 1 1 . Scrap Searched . | . . . Spaces Dug . | . . . Terrain Destroyed 67 | . 23 44 Melee . | . . . Projectile . | . . . AOE 67 | . 23 44 Terrain Rammed . | . . . Walls Destroyed . | . . . Machines Disabled . | . . . Actions | -11 -10 -10 --------- Run | Jun Mat Min Total 953 | 97 846 10 Wait 157 | . 157 . Move 663 | 82 576 5 Hop . | . . . Pick Up 22 | 4 18 . Fast Attach 12 | 5 7 . Attach . | . . . Detach 1 | . 1 . Swap 21 | 1 20 . Drop 26 | . 26 . Fire 51 | 5 41 5 Melee . | . . . Ram . | . . . Kick . | . . . Crush . | . . . Escape Stasis . | . . . Rewire . | . . . Trap . | . . . Miscellaneous . | . . . Route ------- -11/Junkyard -10/Materials (discovered 4 exits: [*Mat x2] / [*Min x2]) -10/Mines History --------- Turn | Location | Event 2 | -11/Junkyard | Met Revision 17 79 | -11/Junkyard | Discovered new exit (range 8) 116 | -11/Junkyard | Entered Materials 304 | -10/Materials | Build established: Mutant 350 | -10/Materials | Core integrity fell below 50% 632 | -10/Materials | Discovered new exit (range 13) 634 | -10/Materials | Discovered new exit (range 14) 693 | -10/Materials | Discovered new exit (range 16) 1085 | -10/Materials | Discovered new exit (range 15) 1147 | -10/Materials | Entered Mines 1148 | -10/Mines | Assembled infested the area 1159 | -10/Mines | Core integrity fell below 20% 1168 | -10/Mines | Destroyed by as-62277 with Assembled Heavy Rifle Last Messages --------------- 01153_ as-08659 destroyed. 01156_ as-69163 destroyed. 01156_ as-71033 destroyed. 01156_ as-36404 destroyed. 01156_ as-09165 destroyed. 01156_ as-02216 destroyed. [Achievement: Quick And Dirty] 01156_ as-15508 destroyed. 01156_ as-25961 destroyed. 01159_ as-20664 destroyed. 01159_ as-79248 destroyed. 01160_ The unstable cave ceiling collapses. 01162_ as-61955 destroyed. 01162_ Destroyed Asb. F-torch. 01162_ as-94633 destroyed. 01165_ Aluminum Leg destroyed. 01165_ Destroyed Asb. Hover Unit. 01165_ as-56544 destroyed. [Achievement: Exterminator] 01167_ The unstable cave ceiling collapses. Map ----- +----------------------------------------------------+ | | | | | | | | | | | | | | | | | | | | | | | ???????????????????????????????????? | | ???????????????????????????????????? | | ??????????????##???????????????????? | | ????????????? #???## ????????????? | | ????????????? ?## ????????????? | | ????????????? ## ???????????? | | ????????????#t # # ???????????? | | ??????????## t a ??????????? | | ?????????## ??????????? | | ????????## ??????????? | | ????????# #?????????? | | ???????## #?????????? | | ???????# ??????????? | | ????#### ???????????????? | | ???## @ #????????????????????? | | ???# #????????????????????? | | ???# ###????????????????????? | | ???## ###??????????????????????? | | ????#######????????????????????????? | | ???????????????????????????????????? | | ???????????????????????????????????? | | ???????????????????????????????????? | | ???????????????????????????????????? | | ???????????????????????????????????? | | ???????????????????????????????????? | | ???????????????????????????????????? | | ???????????????????????????????????? | | ???????????????????????????????????? | | ???????????????????????????????????? | | ???????????????????????????????????? | | ???????????????????????????????????? | | ???????????????????????????????????? | | ???????????????????????????????????? | | ???????????????????????????????????? | | ???????????????????????????????????? | | ???????????????????????????????????? | | ???????????????????????????????????? | | ???????????????????????????????????? | | ???????????????????????????????????? | +----------------------------------------------------+ Best States ------------- Heat Dissipation 35 Energy Generation 10 Energy Capacity 250 Matter Stores 300 Matter Capacity 300 Sight Range 16 Robot Scan Range 14 Terrain Scan Density 10 Utility Shielding 33 Evasion (%) 55 Item Schematics ----------------- None Robot Schematics ------------------ None Fabricated ------------ Nothing Alien Tech Used ----------------- None Achievements -------------- Exterminator Quick And Dirty Challenges ------------ None Game ------ Seed ArmoredAntigravAmplifier Manual? 0 Play Time 00:36:09 Cumulative 3.9 hours Start 2023.03.28 @ 13:13:15 End 2023.03.28 @ 14:27:13 Sessions 1 Manual Loads 0 Difficulty Rogue Special Mode None Game No. 4 Rogue 4 Adventurer 0 Explorer 0 Win Type - Total 0 Types 0/0/0/0/0/0/0/0/0 Lore% 2 Gallery% 7 Achievement% 7 Wizard Run 0 Options --------- ASCII 0 Keyboard 0 Movement Numpad Keybinds 0 Fullscreen 1 Font 18/TerminusBold Map View 76x50 Tactical HUD 1 Map Filters NONE Filters NONE Steam 1 RUN: a6ff2059-a218-44e8-a419-e2021525111f